 Dungeon Crawl Stone Soup version 0.18.1-47-g9310371 (webtiles) character file.

71904 Peloso the Peltast (level 14, -19/129 HPs)
             Began as a Minotaur Fighter on June 18, 2016.
             Was the Champion of Okawaru.
             Demolished by Ery's ghost (38 damage)
             ... on level 8 of the Lair of Beasts.
             The game lasted 01:09:24 (19847 turns).

Peloso the Peltast (Minotaur Fighter)              Turns: 19847, Time: 01:09:24

Health: -19/129    AC: 12    Str: 28    XL:     14   Next: 99%
Magic:  14/14      EV: 19    Int:  8    God:    Okawaru [******]
Gold:   1438       SH: 15    Dex: 13    Spells: 0 memorised, 13 levels left

rFire  . . .     SeeInvis .     D - +2 demon blade (freeze)
rCold  . . .     Gourm    .     S - +1 ring mail "Zaisk" {-Tele +Inv rN+ MR+}
rNeg   + . .     Faith    .     c - +0 shield
rPois  .         Spirit   .     X - +1 hat
rElec  .         Dismiss  .     z - +0 cloak
rCorr  .         Reflect  .     T - +0 pair of gloves
SustAt .         Harm     .     (no boots)
MR     ++++.     NoTele   +     I - amulet of regeneration
Stlth  ++........               (no ring)
                                x - ring of the Mage {Wiz MR++ Int+3}

@: mighty, incredibly resistant to hostile enchantments, unstealthy
A: retaliatory headbutt, horns 2
a: Heroism, Finesse, Renounce Religion, Evoke Invisibility


You were on level 8 of the Lair of Beasts.
You worshipped Okawaru.
Okawaru was exalted by your worship.
You were hungry.

You visited 3 branches of the dungeon, and saw 21 of its levels.
You also visited: Ice Cave.

You collected 1490 gold pieces.
You spent 52 gold pieces at shops.

Inventory:

Hand Weapons
 b - a +4 falchion of freezing
 h - a +2 long sword of pain
 D - a +2 demon blade of freezing (weapon)
 G - the +3 scimitar of Osmaux Denu {freeze, rC++}
   (Okawaru gifted it to you on level 6 of the Lair of Beasts)

   It has been specially enchanted to freeze those struck by it, causing extra
   injury to most foes and up to half again as much damage against particularly
   susceptible opponents.
   It can also slow down cold-blooded creatures.
   It greatly protects you from cold.
 J - the +3 short sword of Odghack {pierce, rF+ Int+4}
   (You found it on level 10 of the Dungeon)

   It inflicts extra damage upon your enemies.
   It affects your intelligence (+4).
   It protects you from fire.
 W - a +0 scimitar of flaming
Armour
 c - a +0 shield (worn)
 z - a +0 cloak (worn)
 E - a swamp dragon hide
 S - the +1 ring mail "Zaisk" (worn) {-Tele +Inv rN+ MR+}
   (Okawaru gifted it to you on level 12 of the Dungeon)

   It protects you from negative energy.
   It affects your resistance to hostile enchantments.
   It lets you turn invisible.
   It prevents most forms of teleportation.
 T - a +0 pair of gloves (worn)
 X - a +1 hat (worn)
Jewellery
 x - the ring of the Mage (left hand) {Wiz MR++ Int+3}
   (You took it off a crimson imp on level 5 of the Dungeon)

   [ring of wizardry]

   It improves your spell success rate.
   It affects your intelligence (+3).
   It affects your resistance to hostile enchantments.
 C - an uncursed ring of protection from magic
 F - a +5 ring of intelligence
 I - an amulet of regeneration (around neck)
 M - an uncursed ring of protection from cold
 R - an uncursed ring of wizardry
Wands
 s - a wand of iceblast (7/15)
 u - a wand of disintegration (24/24)
 K - a wand of acid (5/15)
Scrolls
 e - 4 scrolls of enchant weapon
 i - 4 scrolls of fear
 j - 2 scrolls of teleportation
 m - 8 scrolls of remove curse
 t - 2 scrolls of identify
 y - a scroll of blinking
 H - 2 scrolls of magic mapping
 U - a scroll of immolation {unknown}
 V - a scroll of fog
Potions
 d - 2 potions of haste
 g - 2 potions of berserk rage
 o - 2 potions of curing
 p - a potion of magic
 r - 2 potions of cure mutation
 v - 2 potions of cancellation
 w - 2 potions of invisibility
 N - 4 potions of agility
 P - a potion of flight
 Q - 2 potions of might
 Y - 3 potions of heal wounds
Books
 L - a book of Fire

   Spells                             Type                      Level
   a - Ignite Poison                  Fire/Transmutation/Poison    3
   b - Fireball                       Conjuration/Fire             5
   c - Bolt of Fire                   Conjuration/Fire             6
   d - Delayed Fireball               Conjuration/Fire             7
   e - Ring of Flames                 Charms/Fire                  7
Miscellaneous
 O - a disc of storms
Comestibles
 f - 11 bread rations
 k - 3 beef jerkies
 l - 11 royal jellies
 n - 7 meat rations
 A - 17 fruits
 B - 2 slices of pizza


   Skills:
 + Level 13.2 Fighting
 + Level 15.0 Long Blades
   Level 0.8 Polearms
 + Level 10.7 Armour
 + Level 13.8 Dodging
 + Level 3.2 Stealth
 + Level 15.7 Shields
 + Level 2.1 Invocations
 + Level 0.1 Evocations


You had 13 spell levels left.
You didn't know any spells.

Dungeon Overview and Level Annotations

Branches:
Dungeon (13/15)            Temple (1/1) D:7            Lair (8/8) D:11
 Shoals (0/4) Lair:5        Snake (0/4) Lair:6        Slime (0/6) Lair:6
    Orc (0/2) D:9
 Vaults: D:13-14

Altars:
Ashenzari
Dithmenos
Elyvilon
Fedhas
Gozag
Kikubaaqudgha
Makhleb
Nemelex Xobeh
Okawaru
Pakellas
Qazlal
Ru
Sif Muna
Trog
Vehumet
Xom
Zin
The Shining One
Jiyva

Shops:
D:10 !*%?

Annotations:
Lair:8 Ery's ghost, journeyman MiBe


Innate Abilities, Weirdness & Mutations

You reflexively headbutt those who attack you in melee.
You have a pair of horns on your head.


Message History

Drink which item? (? for menu, Esc to quit)
You feel very mighty all of a sudden. You block Ery's ghost's attack.
The griffon bites the plant!!
The griffon pecks the plant.
The griffon claws the plant.
You hit Ery's ghost. You freeze Ery's ghost.
You headbutt Ery's ghost, but do no damage.
Ery's ghost is severely damaged.
Unknown command.
You barely miss Ery's ghost.
Ery's ghost is severely damaged.
Ery's ghost hits you.
* * * LOW HITPOINT WARNING * * *
Ery's ghost freezes you.
* * * LOW HITPOINT WARNING * * *
The griffon bites the plant!
The plant is destroyed!
You hit Ery's ghost but do no damage.
Ery's ghost is severely damaged.
Ery's ghost hits you!!!
You die...

...##....###.......
...........#......#
.(................#
.................#
...............#
...............#
......PP.H....##
.......PW###..#
.......@####.##
...PPP.......#
..#PP.....#..##
.....(........#
....#.#PP)....#
.....#.PPPP..##
.......PPP...##
......PPP.....##
..........### ####


You could see a griffon and Ery's ghost.

Vanquished Creatures
  Gastronok (Lair:1)
  An acid blob (Lair:6)
  Maud (Lair:5)
  A frost giant (IceCv)
  Josephine (D:12)
  Fannar (D:12)
  Harold (D:12)
  5 hydras
  Erica (D:11)
  5 death yaks
  Nergalle (Lair:1)
  A swamp dragon (Lair:6)
  5 hill giants
  A necromancer (Lair:4)
  2 griffons
  The ghost of baghtru the Skirmisher, a novice OgBe of Trog (D:5)
  An oklob plant (Lair:4)
  A cyclops (D:12)
  4 ugly things
  A manticore (D:11)
  23 elephants
  2 ice statues
  A siren (Lair:5)
  2 black mambas (Lair:6)
  A torpor snail (Lair:6)
  7 spiny frogs
  A gargoyle (D:9)
  2 kobold demonologists (D:9)
  2 rime drakes (Lair:7)
  6 komodo dragons
  A two-headed ogre (D:11)
  19 polar bears
  A troll (D:12)
  A merfolk (Lair:5)
  18 blink frogs
  A slime creature (Lair:6)
  9 spriggans (D:9)
  Sigmund (D:3)
  50 yaks
  4 wraiths (D:12)
  7 basilisks
  A wyvern (Lair:6)
  A vampire (D:10)
  A steam dragon (Lair:7)
  A hungry ghost (D:9)
  13 hippogriffs
  3 vampire mosquitoes
  2 swamp worms (Lair:6)
  11 water moccasins
  3 swamp drakes (Lair:6)
  13 porcupines
  2 orc warriors
  6 ice beasts
  3 sky beasts
  2 necrophages
  A black bear (Lair:2)
  2 wasps
  5 phantoms
  9 ogres
  29 wolves
  4 centaurs
  9 crocodiles
  5 big kobolds
  13 giant frogs
  A wyvern skeleton (D:8)
  4 scorpions
  8 killer bees
  8 electric eels
  4 howler monkeys
  4 crimson imps
  A centaur zombie (D:12)
  3 giant frog zombies
  11 jellies
  7 hounds
  A gnoll shaman (D:7)
  An orc priest (D:7)
  A centaur skeleton (D:7)
  2 giant frog skeletons
  6 orc wizards
  9 iguanas
  3 polar bear simulacra (Lair:4)
  11 worker ants
  4 yak simulacra (Lair:4)
  15 sheep
  2 wolf simulacra (Lair:4)
  2 hound zombies
  A hound skeleton (D:9)
  A howler monkey zombie (D:7)
  5 gnolls
  13 adders
  30 river rats
  3 shadow imps
  A white imp (D:12)
  An ufetubus (D:12)
  19 oozes
  An adder skeleton (D:9)
  3 worms
  5 dart slugs
  27 orcs
  A ball python (D:3)
  4 giant cockroaches
  4 goblins
  12 hobgoblins
  15 jackals
  15 kobolds
  3 quokkas
  8 bats
  7 giant newts
  A jackal zombie (D:3)
  2 quokka skeletons
  7 rats
  2 river rat simulacra (Lair:4)
  A bush (D:2)
  A fungus (Lair:2)
635 creatures vanquished.

Vanquished Creatures (collateral kills)
  2 wolves (Lair:4)
  A plant (Lair:4)
3 creatures vanquished.

Vanquished Creatures (others)
  4 orcs (D:7)
  A bush (Lair:3)
  7 fungi
  4 plants
16 creatures vanquished.

Grand Total: 654 creatures vanquished

Notes
Turn   | Place    | Note
--------------------------------------------------------------
     0 | D:1      | Peloso the Minotaur Fighter began the quest for the Orb.
     0 | D:1      | Reached XP level 1. HP: 19/19 MP: 0/0
    59 | D:1      | Reached XP level 2. HP: 27/27 MP: 1/1
   553 | D:2      | Reached XP level 3. HP: 33/33 MP: 2/2
  1647 | D:3      | Noticed Sigmund
  1660 | D:3      | Reached XP level 4. HP: 33/40 MP: 3/3
  1667 | D:3      | Killed Sigmund
  1667 | D:3      | Reached skill level 5 in Armour
  1667 | D:3      | Reached skill level 1 in Dodging
  1667 | D:3      | Reached XP level 5. HP: 13/47 MP: 4/4
  2020 | D:3      | Reached skill level 5 in Shields
  2311 | D:3      | Reached XP level 6. HP: 55/55 MP: 5/5
  2503 | D:4      | Reached skill level 5 in Fighting
  2503 | D:4      | Reached skill level 1 in Stealth
  2829 | D:4      | Reached skill level 5 in Long Blades
  2829 | D:4      | Reached XP level 7. HP: 51/61 MP: 6/6
  2893 | D:5      | Entered Level 5 of the Dungeon
  3349 | D:5      | Noticed baghtru's ghost (novice OgBe)
  3361 | D:5      | Killed baghtru's ghost
  3361 | D:5      | Reached XP level 8. HP: 9/70 MP: 7/7
  4012 | D:5      | You fall through a shaft for 2 floors!
  4216 | D:7      | Got a bloodstained spear
  4217 | D:7      | Identified the +7 spear of Tumult {pierce, rElec Str+3 Int+4} (You found it on level 7 of the Dungeon)
  4233 | D:7      | Found a shadowy altar of Dithmenos.
  4233 | D:7      | Found a bloodstained altar of Trog.
  4362 | D:7      | Reached skill level 5 in Dodging
  4650 | D:7      | Got a warped ring mail
  4662 | D:7      | Identified the +8 ring mail of Leapfrog {Dex+2} (You found it on level 7 of the Dungeon)
  4818 | D:7      | Reached XP level 9. HP: 71/78 MP: 8/8
  4870 | D:7      | Found a staircase to the Ecumenical Temple.
  4879 | Temple   | Entered the Ecumenical Temple
  5045 | Temple   | Became a worshipper of Warmaster Okawaru
  5389 | D:8      | Found a blossoming altar of Fedhas.
  5961 | D:9      | Noticed a kobold demonologist
  5962 | D:9      | Noticed a kobold demonologist
  5962 | D:9      | Reached * piety under Okawaru
  5978 | D:9      | Noticed a red devil
  5982 | D:9      | Killed a kobold demonologist
  5990 | D:9      | Noticed a smoke demon
  5993 | D:9      | Killed a kobold demonologist
  6052 | D:9      | Found an oddly glowing altar of Pakellas.
  6132 | D:9      | Reached ** piety under Okawaru
  6138 | D:9      | Reached XP level 10. HP: 56/86 MP: 7/9
  6317 | D:9      | Noticed a red ugly thing
  6376 | D:10     | Entered Level 10 of the Dungeon
  6376 | D:10     | Noticed a gargoyle
  6771 | D:8      | Killed a red ugly thing
  6792 | D:9      | Killed a gargoyle
  7171 | D:9      | Found a staircase to the Orcish Mines.
  7178 | D:9      | Reached *** piety under Okawaru
  7178 | D:9      | Reached skill level 10 in Shields
  7178 | D:9      | Reached skill level 1 in Invocations
  7542 | D:10     | Found Futiff's Magic Scroll Shoppe.
  7550 | D:10     | Got a translucent short sword
  7551 | D:10     | Identified the cursed +3 short sword of Odghack {pierce, rF+ Int+4} (You found it on level 10 of the Dungeon)
  7577 | D:10     | Bought a scroll of identify for 26 gold pieces
  7578 | D:10     | Bought a scroll of identify for 26 gold pieces
  7591 | D:10     | Noticed a hill giant
  7599 | D:10     | Killed a hill giant
  7599 | D:10     | Reached **** piety under Okawaru
  7659 | D:10     | Reached XP level 11. HP: 95/95 MP: 8/10
  7715 | D:10     | Found Ditwiwne's Assorted Antiques.
  7768 | D:10     | Found Juluh's Food Shop.
  7841 | D:10     | Found Gysudoes's Distillery.
  8215 | D:10     | You fall through a shaft for 3 floors!
  8230 | D:12     | Noticed a cyan ugly thing
  8245 | D:12     | Killed a cyan ugly thing
  8275 | D:12     | Noticed a hill giant
  8288 | D:12     | Killed a hill giant
  8464 | D:12     | Received a gift from Okawaru
  8480 | D:12     | Found a frozen archway.
  8480 | D:12     | Noticed Fannar
  8480 | D:12     | Noticed Harold
  8492 | D:12     | Killed Harold
  8492 | D:12     | Reached skill level 10 in Long Blades
  8519 | D:12     | Killed Fannar
  8602 | IceCv    | Entered an ice cave
  8790 | IceCv    | Reached ***** piety under Okawaru
  8814 | IceCv    | Reached skill level 10 in Dodging
  9052 | IceCv    | Reached XP level 12. HP: 98/105 MP: 12/12
  9121 | IceCv    | Received a gift from Okawaru
  9126 | IceCv    | Got a dazzling ring mail {god gift}
  9427 | IceCv    | Identified the +3 ring mail of Vlad {rC- Dex+4 SInv} (Okawaru gifted it to you in an ice cave)
  9458 | IceCv    | HP: 3/105 [ice statue] (11)]
  9647 | IceCv    | Noticed a death yak
  9648 | IceCv    | Noticed a death yak
  9681 | IceCv    | Killed a death yak
  9693 | IceCv    | Killed a death yak
  9787 | IceCv    | Noticed a frost giant
  9797 | IceCv    | Killed a frost giant
  9797 | IceCv    | Reached skill level 10 in Fighting
 10081 | D:12     | Noticed Josephine
 10093 | D:12     | Killed Josephine
 10869 | D:12     | Received a gift from Okawaru
 10872 | D:12     | Got a spiked ring mail {god gift}
 11119 | D:10     | Reached XP level 13. HP: 74/115 MP: 13/13
 11543 | D:11     | Noticed Erica
 11566 | D:11     | Killed Erica
 11566 | D:11     | Reached ****** piety under Okawaru
 11566 | D:11     | Reached skill level 10 in Armour
 11596 | D:11     | Found a staircase to the Lair.
 11685 | D:11     | Found an opulent altar of Gozag.
 11971 | Lair:1   | Entered Level 1 of the Lair of Beasts
 12182 | Lair:1   | Noticed Nergalle
 12191 | Lair:1   | Killed Nergalle
 12438 | Lair:1   | Noticed Gastronok
 12453 | Lair:1   | Killed Gastronok
 12901 | Lair:1   | Identified the +1 ring mail "Zaisk" {-Tele +Inv rN+ MR+} (Okawaru gifted it to you on level 12 of the Dungeon)
 14163 | Lair:3   | Received a gift from Okawaru
 15487 | Lair:3   | Received a gift from Okawaru
 15498 | Lair:3   | Reached XP level 14. HP: 103/126 MP: 14/14
 15993 | Lair:4   | Reached skill level 15 in Shields
 16459 | Lair:5   | Noticed Maud
 16476 | Lair:5   | Killed Maud
 16750 | Lair:5   | Received a gift from Okawaru
 16755 | Lair:5   | Found a staircase to the Shoals.
 17037 | Lair:6   | Found a runed door.
 17038 | Lair:6   | Found a viscous altar of Jiyva.
 17039 | Lair:6   | Noticed an acid blob
 17040 | Lair:6   | Found a staircase to the Slime Pits.
 17082 | Lair:6   | Found a staircase to the Snake Pit.
 17182 | Lair:6   | HP: 6/127 [poison (poison gas)]
 17187 | Lair:6   | HP: 6/127 [poison (poison gas)]
 18334 | Lair:6   | Killed an acid blob
 18334 | Lair:6   | Received a gift from Okawaru
 18342 | Lair:6   | Got a translucent scimitar {god gift}
 18343 | Lair:6   | Identified the +3 scimitar of Osmaux Denu {freeze, rC++} (Okawaru gifted it to you on level 6 of the Lair of Beasts)
 19048 | Lair:7   | Reached skill level 15 in Long Blades
 19496 | Lair:7   | Received a gift from Okawaru
 19697 | Lair:8   | Entered Level 8 of the Lair of Beasts
 19801 | Lair:8   | Noticed Ery's ghost (journeyman MiBe)
 19847 | Lair:8   | Demolished by Ery's ghost

Skill      XL: |  1  2  3  4  5  6  7  8  9 10 11 12 13 14 |
---------------+-------------------------------------------+-----
Fighting       | 4 5 6 7 8 9 10 12 13 | 13.2
Shields        | 4 5 6 7 9 10 12 13 14 15 | 15.7
Armour         | 4 5 6 7 8 9 10 | 10.7
Long Blades    | 3 5 6 8 9 10 12 13 15 | 15.0
Dodging        | 1 2 3 5 6 8 10 11 12 13 | 13.8
Stealth        | 1 2 3 |  3.2
Invocations    | 1 2 |  2.1
Polearms       | |  0.8
Evocations     | |  0.1

Action                   |  1- 3 |  4- 6 |  7- 9 | 10-12 | 13-15 || total
-------------------------+-------+-------+-------+-------+-------++-------
Melee: Long sword        |   128 |    64 |   339 |   890 |   116 ||  1537
       Headbutt          |    33 |     8 |    64 |   243 |   310 ||   658
       Spear             |       |       |       |    40 |       ||    40
       Falchion          |       |       |       |       |   279 ||   279
       Scimitar          |       |       |       |       |   354 ||   354
       Demon blade       |       |       |       |       |   487 ||   487
Invok: Heroism           |       |       |     2 |    12 |    10 ||    24
Evoke: Wand              |       |     2 |       |       |       ||     2
  Use: Potion            |       |     3 |     2 |     8 |     2 ||    15
       Scroll            |       |     3 |     4 |    11 |    16 ||    34
 Stab: Sleeping          |       |       |       |     1 |     2 ||     3
  Eat: Chunk             |     3 |     4 |    10 |    21 |    27 ||    65
       Beef jerky        |       |       |     1 |       |     1 ||     2
Armor: Scale mail        |    28 |    20 |    41 |       |       ||    89
       Chain mail        |       |       |    26 |       |       ||    26
       Ring mail         |       |       |    74 |   232 |   205 ||   511
Dodge: Dodged            |    21 |    25 |   148 |   476 |   499 ||  1169
Block: Shield            |    54 |    26 |   206 |   606 |   704 ||  1596
